 Dungeon Crawl Stone Soup version 0.17-a0-1378-g281efdd (webtiles) character file.

23 InterDimensionalOwl the Conjurer (level 2, -1/11 HPs)
             Began as a Felid Conjurer on June 14, 2015.
             Slain by a gnoll
             ... wielding a +0 spear
              (3 damage)
             ... on level 2 of the Dungeon.
             The game lasted 00:06:43 (1027 turns).

InterDimensionalOwl the Conjurer (Felid Conjurer)   Turns: 1027, Time: 00:06:43

Health: -1/11      AC:  1    Str:  7    XL:     2   Next: 72%
Magic:  6/6        EV: 13    Int: 16    God:
Gold:   85         SH:  0    Dex: 21    Spells: 1 memorised, 5 levels left
                                        Lives:  0   Deaths: 0

rFire  . . .     SeeInvis +     (weapon unavailable)
rCold  . . .     Clarity  .     (armour unavailable)
rNeg   . . .     SustAt   .     (shield unavailable)
rPois  .         Gourm    .     (helmet unavailable)
rElec  .         Spirit   .     (cloak unavailable)
rCorr  .         Warding  .     (gloves unavailable)
rMut   .         Stasis   .     (boots unavailable)
MR     .....                    (no amulet)
Stlth  +++.......               g - +5 ring of dexterity
                                e - +3 ring of strength

@: quick, not resistant to hostile enchantments, fairly stealthy
A: no armour, no weapons or thrown items, claws 1, fangs 3, see invisible,
carnivore 3, speed 1, shaggy fur 1, slow metabolism 1, sharp paws
a: no special abilities


You were on level 2 of the Dungeon.
You were not hungry.

You visited 1 branch of the dungeon, and saw 2 of its levels.

You collected 85 gold pieces.

Inventory:

Jewellery
 e - a +3 ring of strength (left paw)
 g - a +5 ring of dexterity (right paw)
Scrolls
 c - a scroll of amnesia {unknown}
 h - a scroll of immolation {unknown}
 j - a scroll of identify
 l - a scroll of blinking {unknown}
Potions
 d - a potion of brilliance {unknown}
 f - a potion of might
 i - a potion of flight
Books
 a - a book of Conjurations

   Spells                             Type                      Level
   a - Magic Dart                     Conjuration                  1
   b - Searing Ray                    Conjuration                  2
   c - Dazzling Spray                 Conjuration/Hexes            3
   d - Fulminant Prism                Conjuration/Hexes            4
   e - Iskenderun's Mystic Blast      Conjuration                  4
   f - Iskenderun's Battlesphere      Conjuration/Charms           5
Comestibles
 b - 3 meat rations
 k - a chunk of flesh


   Skills:
 - Level 2.6 Dodging
 - Level 2.6 Stealth
 + Level 2.6 Spellcasting
 + Level 4.0 Conjurations


You had 5 spell levels left.
You knew the following spells:

 Your Spells              Type           Power        Failure   Level  Hunger
a - Magic Dart            Conj           ##..         4%          1    #......


Dungeon Overview and Level Annotations

Branches:
Dungeon (2/15)

Altars:


Innate Abilities, Weirdness & Mutations

You cannot wear armour.
You are incapable of wielding weapons or throwing items.
You have sharp claws.
You have razor-sharp teeth.
You have supernaturally acute eyesight.
You are carnivorous and can eat meat at any time.
You cover ground quickly.
You are covered in fur (AC +1).
You have a slow metabolism.
Your sharp claws are effective at attacking unaware monsters.


Message History

The magic dart hits the gnoll.
The gnoll is lightly wounded.
There is a stone staircase leading up here.
You climb upwards.
There is a stone staircase leading down here.
You start resting.
Magic restored.
You climb downwards.
The gnoll hits you with a flail!
Ouch! That really hurt!
* * * LOW HITPOINT WARNING * * *
The gnoll hits you but does no damage.
There is a stone staircase leading up here.
Casting: Magic Dart
Confirm with . or Enter, or press ? or * to list all spells.
Aiming: Magic Dart
Press: ? - help, Shift-Dir - straight line, f - gnoll
Aim: a gnoll, wielding a spear
Okay, then.
The gnoll misses you. The gnoll hits you with a spear.
You die...

##..# ## ##.### # #...# #####
###.# ###.... #.#######...##.
#..............
####..#####...#...
#g........)>#.....
############@##...######..###
#.........##g........##..##
#.........#..............#
#...................%)#.##
#..........#.............
#.........##..........#>#
#.........##............#
#.........##..........##
#.........##..........#


You could see 2 gnolls.

Vanquished Creatures
  An ooze (D:1)
  A giant gecko (D:1)
  3 goblins
  4 hobgoblins (D:1)
  A quokka (D:2)
  A bat (D:1)
  2 giant newts (D:1)
  2 kobolds
  2 rats (D:2)
17 creatures vanquished.

Notes
Turn   | Place    | Note
--------------------------------------------------------------
     0 | D:1      | InterDimensionalOwl the Felid Conjurer began the quest for the Orb.
     0 | D:1      | Reached XP level 1. HP: 7/7 MP: 4/4
   213 | D:1      | Reached XP level 2. HP: 11/11 MP: 1/6
   854 | D:2      | Reached skill level 4 in Conjurations
  1027 | D:2      | Slain by a gnoll

Vault maps used:
D:1:      ncdulo_watergridlock, glass_columns_a
D:2:      ecumenical_altar_2, first_bread, wad_floor_pattern_untrapped

Action                   || total
-------------------------++-------
Melee: Unarmed           ||    11
 Cast: Magic Dart        ||    30
  Use: Scroll            ||     5
 Stab: Sleeping          ||     5
  Eat: Chunk             ||     3
